 Dungeon Crawl Stone Soup version 0.29-a0-1030-gf5f8719cae (webtiles) character file.

Game seed: 3063057403498408135

2831 Destapler the Magician (level 9, -6/66 HPs)
             Began as a Gnoll Wanderer on Aug 14, 2022.
             Was an Elder of Okawaru.
             Mangled by a gargoyle
             ... wielding a +0 mace
              (23 damage)
             ... on level 7 of the Dungeon.
             The game lasted 00:50:30 (11447 turns).

Destapler the Magician (Gnoll Wanderer)            Turns: 11447, Time: 00:50:31

Health: -6/66      AC:  9    Str: 17    XL:     9   Next: 73%
Magic:  19/19      EV: 13    Int: 16    God:    Okawaru [****..]
Gold:   466        SH:  0    Dex: 13    Spells: 19/21 levels left

rFire   . . .      SeeInvis .   a - +9 dagger (elec)
rCold   + . .      Faith    .   (no shield)
rNeg    + . .      Spirit   .   r - +0 leather armour
rPois   .          Reflect  .   t - +0 helmet
rElec   .          Harm     .   w - +2 cloak "Iczesar" {rN+ Str+7}
rCorr   .          Rampage  .   (no gloves)
Will    +....                   q - +0 pair of boots
Stlth   ++........              j - amulet of magic regeneration
HPRegen 0.21/turn               c - ring of protection from cold
MPRegen 0.56/turn               e - ring of willpower

@: no status effects
A: fangs 1, strong nose, distributed training
a: Renounce Religion, Heroism, Finesse


You were on level 7 of the Dungeon.
You worshipped Okawaru.
Okawaru was greatly pleased with you.
You visited 1 branch of the dungeon, and saw 7 of its levels.

You collected 466 gold pieces.

Inventory:

Hand Weapons
 a - a +9 dagger of electrocution (weapon)
 b - a +8 vampiric whip
Missiles
 l - 21 boomerangs
 n - 17 poisoned darts
Armour
 q - a +0 pair of boots (worn)
 r - a +0 leather armour (worn)
 t - a +0 helmet (worn)
 w - the +2 cloak "Iczesar" (worn) {rN+ Str+7}
   (You found it on level 5 of the Dungeon)

   Str:       It affects your strength (+7).
   rN:        It protects you from negative energy.
Jewellery
 c - a ring of protection from cold (left hand)
 e - a ring of willpower (right hand)
 j - an amulet of magic regeneration (around neck)
 p - a ring of flight
Wands
 m - a wand of flame (1) (quivered)
Potions
 d - a potion of cancellation {unknown}
 f - 3 potions of degeneration {unknown}
 g - 2 potions of brilliance {unknown}
 h - a potion of invisibility
 i - 2 potions of mutation {unknown}
 k - a potion of curing {unknown}
 o - 2 potions of attraction {unknown}
 s - a potion of flight {unknown}
 u - a potion of heal wounds {unknown}


   Skills:
 + Level 4.7 Fighting
 + Level 4.7 Short Blades
 + Level 4.7 Long Blades
 + Level 4.7 Axes
 + Level 4.7 Maces & Flails
 + Level 4.7 Polearms
 + Level 4.7 Staves
 + Level 4.7 Ranged Weapons
 + Level 5.4 Throwing
 + Level 5.4 Armour
 + Level 5.4 Dodging
 + Level 4.7 Stealth
 + Level 4.7 Shields
 + Level 4.7 Unarmed Combat
 + Level 6.9 Spellcasting
 + Level 3.9 Conjurations
 + Level 6.8 Hexes
 + Level 3.9 Summonings
 + Level 5.5 Necromancy
 + Level 3.9 Translocations
 + Level 3.9 Transmutations
 + Level 3.9 Fire Magic
 + Level 3.9 Ice Magic
 + Level 3.9 Air Magic
 + Level 3.9 Earth Magic
 + Level 3.9 Poison Magic
 + Level 5.2 Invocations
 + Level 4.7 Evocations


You had 19 spell levels left.
You knew the following spells:

 Your Spells              Type           Power      Damage    Failure   Level
a - Slow                  Hex            100%       N/A       1%          1
b - Necrotise             Necr           92%        1d8       1%          1

Your spell library contained the following spells:

 Spells                   Type           Power      Damage    Failure   Level
 Confusing Touch          Hex            27%        N/A       2%          3
 Magic Dart               Conj           72%        1d6       3%          1
 Searing Ray              Conj           36%        2d5       4%          2
 Vampiric Draining        Necr           23%        2d7       4%          3
 Gell's Gravitas          Tloc           18%        N/A       9%          3
 Teleport Other           Tloc           18%        N/A       9%          3
 Anguish                  Hex/Necr       12%        N/A       12%         4
 Fulminant Prism          Conj/Hex       11%        3d9       16%         4
 Yara's Violent Unravell  Hex/Tmut       11%        3d6       41%         5
 Borgnjor's Vile Clutch   Necr/Erth      10%        N/A       52%         5
 Dispersal                Tloc           9%         N/A       99%         6
 Enfeeble                 Hex            13%        N/A       100%        7
 Storm Form               Tmut/Air       9%         N/A       100%        7
 Maxwell's Capacitive Co  Air            9%         ∞         100%        8
 Summon Guardian Golem    Hex/Summ       Unusable   N/A       N/A         3
 Animate Dead             Necr           Unusable   N/A       N/A         4
 Summon Lightning Spire   Summ/Air       Unusable   N/A       N/A         4
 Death Channel            Necr           Unusable   N/A       N/A         6

Dungeon Overview and Level Annotations

Branches:
Dungeon (7/15)             Temple (0/1) D:7

Altars:
Cheibriados
Gozag
Kikubaaqudgha
Okawaru
Xom
Zin

Shops:
D:5 :

Annotations:
D:6 1 runed translucent door, Plasmagod's ghost, novice MiFi


Innate Abilities, Weirdness & Mutations

You have very sharp teeth.
Your uncanny sense of smell can sniff out nearby items.
Your experience applies equally to all skills.


Message History

The gargoyle is heavily damaged.
The gargoyle hurls a stone arrow at you.
The stone arrow hits you!
Aiming: Throw Flame
Press: ? - help, Q - select action, (/) - cycle Shift-Dir - straight line, f/p - gargoyle
Aim: a gargoyle, wielding a +0 mace (heavily damaged, 88% to hit)
The puff of flame hits the gargoyle but does no damage.
The gargoyle is heavily damaged.
The gargoyle hurls a stone arrow at you.
The stone arrow hits you!!
Unknown command.
You hit the gargoyle but do no damage.
You bite the gargoyle, but do no damage.
The gargoyle is heavily damaged.
The gargoyle hits you with a +0 mace!
* * * LOW HITPOINT WARNING * * *
You completely miss the gargoyle.
You punch the gargoyle, but do no damage.
The gargoyle is heavily damaged.
The gargoyle misses you.
You hit the gargoyle but do no damage.
The gargoyle is heavily damaged.
The gargoyle misses you.
You completely miss the gargoyle.
The gargoyle is heavily damaged.
You hit the gargoyle but do no damage.
The gargoyle is heavily damaged.
The gargoyle hits you with a +0 mace.
* * * LOW HITPOINT WARNING * * *
You hit the gargoyle but do no damage.
You bite the gargoyle, but do no damage.
The gargoyle is heavily damaged.
The gargoyle hits you but does no damage.
You hit the gargoyle.
The gargoyle is severely damaged.
You hit the gargoyle but do no damage.
You bite the gargoyle, but do no damage.
The gargoyle is severely damaged.
The gargoyle hits you with a +0 mace!!
You die...

⌠..# #..# #...#.##.###
...######..# #<..[.......
...#....#..# ### #.####9....###
...#....#..# ..# #.......##.#
...#....#..#####.#.......####.#
⌠..#...........#.#...........
~..#......>......#.#####.....
~..#.............9.........(#
⌠..#..#.###.#...@#...).#.#...
...#..#.# #......#####.#.##.#.
...## #.#####.#..(....<#.# .#.#
#### #.......#..#####.#.##.#
#######.#.............#∆
#.##..####......# #.##...#
######## ### ####...# #.. ####
#...## #.#


You could see a gargoyle.

Vanquished Creatures
  Grinder (D:5)
  2 steam dragons
  3 water moccasins
  A sky beast (D:6)
  An ogre (D:6)
  An orc warrior (D:7)
  An ice beast (D:6)
  3 centaurs
  2 phantoms
  Blork the orc (D:5)
  3 bullfrogs (D:7)
  A gnoll sergeant (D:5)
  3 scorpions
  An electric eel (D:7)
  A jelly (D:7)
  2 orc priests
  4 hounds
  4 iguanas
  Natasha (thrice) (D:2)
  3 orc wizards
  Robin (D:2)
  5 adders
  8 gnolls
  A shadow imp (D:7)
  2 worms
  14 dart slugs
  29 orcs
  3 ball pythons
  2 bat zombies (D:4)
  4 endoplasms
  4 giant cockroaches
  13 goblins
  11 hobgoblins
  5 jackals
  10 kobolds
  A quokka (D:1)
  6 bats
  A frilled lizard (D:1)
  7 rats
  2 rat zombies (D:4)
170 creatures vanquished.

Vanquished Creatures (others)
  10 plants (D:5)
  2 withered plants (D:6)
12 creatures vanquished.

Grand Total: 182 creatures vanquished

Notes
Turn   | Place    | Note
-------+----------+-------------------------------------------
     0 | D:1      | Destapler the Gnoll Wanderer began the quest for the Orb.
     0 | D:1      | Destapler set off with the following items: a +0 dagger, 8
                  | boomerangs, a scroll of fear, a +0 robe; and the following
                  | spells available to memorise: Slow, Necrotise, Vampiric
                  | Draining, Summon Guardian Golem, Anguish.
     0 | D:1      | Reached XP level 1. HP: 13/13 MP: 6/6
     2 | D:1      | Learned a level 1 spell: Slow
     4 | D:1      | Learned a level 1 spell: Necrotise
   330 | D:1      | Reached XP level 2. HP: 12/19 MP: 7/7
  1308 | D:1      | Reached skill level 5 in Spellcasting
  1308 | D:1      | Reached XP level 3. HP: 25/25 MP: 7/9
  1605 | D:1      | Reached skill level 1 in Invocations
  1757 | D:2      | Found a faded altar of an unknown god.
  1760 | D:2      | Prayed at the altar of an unknown god.
  1760 | D:2      | Became a worshipper of Warmaster Okawaru
  1760 | D:2      | Reached * piety under Okawaru
  1816 | D:2      | Noticed Robin
  1964 | D:2      | Reached skill level 1 in Fighting
  1964 | D:2      | Reached skill level 1 in Short Blades
  1964 | D:2      | Reached skill level 1 in Long Blades
  1964 | D:2      | Reached skill level 1 in Axes
  1964 | D:2      | Reached skill level 1 in Maces & Flails
  1964 | D:2      | Reached skill level 1 in Polearms
  1964 | D:2      | Reached skill level 1 in Staves
  1964 | D:2      | Reached skill level 1 in Ranged Weapons
  1964 | D:2      | Reached skill level 1 in Stealth
  1964 | D:2      | Reached skill level 1 in Shields
  1964 | D:2      | Reached skill level 1 in Unarmed Combat
  1964 | D:2      | Reached skill level 1 in Evocations
  2257 | D:2      | Killed Robin
  2258 | D:2      | Reached XP level 4. HP: 32/32 MP: 1/11
  2587 | D:2      | Reached skill level 1 in Conjurations
  2587 | D:2      | Reached skill level 1 in Summonings
  2587 | D:2      | Reached skill level 1 in Translocations
  2587 | D:2      | Reached skill level 1 in Transmutations
  2587 | D:2      | Reached skill level 1 in Fire Magic
  2587 | D:2      | Reached skill level 1 in Ice Magic
  2587 | D:2      | Reached skill level 1 in Air Magic
  2587 | D:2      | Reached skill level 1 in Earth Magic
  2587 | D:2      | Reached skill level 1 in Poison Magic
  2797 | D:2      | Noticed Natasha
  2805 | D:2      | Killed Natasha
  3031 | D:2      | Noticed Natasha
  3244 | D:2      | Killed Natasha
  3245 | D:2      | Reached XP level 5. HP: 16/37 MP: 4/12
  3526 | D:2      | Noticed Natasha
  3538 | D:2      | Killed Natasha
  5147 | D:3      | Reached XP level 6. HP: 44/44 MP: 7/13
  6250 | D:4      | Found an ancient bone altar of Kikubaaqudgha.
  6273 | D:4      | Reached ** piety under Okawaru
  6512 | D:4      | Reached XP level 7. HP: 50/50 MP: 13/15
  6561 | D:5      | Entered Level 5 of the Dungeon
  6561 | D:5      | Found Maedacvy's Book Shop.
  6571 | D:5      | Identified the +2 cloak "Iczesar" {rN+ Str+7}
  6599 | D:5      | Noticed Blork the orc
  6613 | D:5      | Killed Blork the orc
  7203 | D:5      | Found a snail-covered altar of Cheibriados.
  7300 | D:5      | Noticed Grinder
  7325 | D:5      | Killed Grinder
  7426 | D:5      | Reached XP level 8. HP: 49/58 MP: 13/16
  7746 | D:5      | HP: 2/58 [steam dragon/ball of steam (9)]
  8339 | D:6      | Found a runed translucent door.
  8341 | D:6      | Noticed Plasmagod's ghost (novice MiFi)
  8894 | D:6      | Reached *** piety under Okawaru
  9104 | D:6      | Reached skill level 5 in Necromancy
  9494 | D:5      | Reached XP level 9. HP: 65/65 MP: 18/18
  9712 | D:6      | Found an opulent altar of Gozag.
 10048 | D:7      | Noticed a gargoyle
 10196 | D:7      | Reached **** piety under Okawaru
 10197 | D:7      | Reached skill level 5 in Throwing
 10197 | D:7      | Reached skill level 5 in Armour
 10197 | D:7      | Reached skill level 5 in Dodging
 10340 | D:7      | Noticed an angel
 10341 | D:7      | Found a shimmering altar of Xom.
 10732 | D:7      | Found a glowing silver altar of Zin.
 10944 | D:7      | Reached skill level 5 in Invocations
 11322 | D:7      | Found a staircase to the Ecumenical Temple.
 11447 | D:7      | Mangled by a gargoyle

Illustrated notes

Levels and vault maps discovered:
D:1:      dpeg_arrival_rhombi, layout_loops_ring
D:2:      layout_basic, nicolae_ecumenical_pavilion, amcnicky_mini_pool_small,
          uniq_natasha, uniq_robin
D:3:      kennysheep_slugbush, layout_loops_ring
D:4:      layout_cave_pools, lemuel_zombie_altar_kikubaaqudgha
D:5:      layout_rooms, cheibriados_altar_1, serial_shops,
          nicolae_shop_hallway_stairs, serial_bayou_ford_a, uniq_grinder,
          uniq_blork_the_orc
D:6:      layout_cave_pods, mainiacjoe_overflow_alcove_1, gammafunk_ghost_grave
D:7:      layout_basic, grunt_temple_overflow_order_and_chaos_1,
          minmay_temple_entry_crystal_x, kennysheep_dice

Skill      XL: |  1  2  3  4  5  6  7  8  9 |
---------------+----------------------------+-----
Spellcasting   | 5 6 |  6.9
Invocations    | 1 2 3 4 5 |  5.2
Fighting       | 1 2 3 4 |  4.7
Short Blades   | 1 2 3 4 |  4.7
Long Blades    | 1 2 3 4 |  4.7
Axes           | 1 2 3 4 |  4.7
Maces & Flails | 1 2 3 4 |  4.7
Polearms       | 1 2 3 4 |  4.7
Staves         | 1 2 3 4 |  4.7
Ranged Weapons | 1 2 3 4 |  4.7
Stealth        | 1 2 3 4 |  4.7
Shields        | 1 2 3 4 |  4.7
Unarmed Combat | 1 2 3 4 |  4.7
Evocations     | 1 2 3 4 |  4.7
Conjurations   | 1 2 3 |  3.9
Summonings     | 1 2 3 |  3.9
Translocations | 1 2 3 |  3.9
Transmutations | 1 2 3 |  3.9
Fire Magic     | 1 2 3 |  3.9
Ice Magic      | 1 2 3 |  3.9
Air Magic      | 1 2 3 |  3.9
Earth Magic    | 1 2 3 |  3.9
Poison Magic   | 1 2 3 |  3.9
Throwing       | 3 4 5 |  5.4
Armour         | 3 4 5 |  5.4
Dodging        | 3 4 5 |  5.4
Necromancy     | 4 5 |  5.5
Hexes          | 6 |  6.8

Action                   |  1- 3 |  4- 6 |  7- 9 || total
-------------------------+-------+-------+-------++-------
Melee: Dagger            |   104 |    95 |   177 ||   376
       Punch             |     1 |     2 |     5 ||     8
       Bite              |     7 |     7 |    23 ||    37
       Whip              |       |       |    45 ||    45
Throw: Boomerang         |    14 |     1 |    10 ||    25
       Stone             |     6 |       |       ||     6
       Dart              |       |       |    18 ||    18
 Cast: Necrotise         |    38 |   128 |    53 ||   219
       Slow              |     3 |    36 |    49 ||    88
Evoke: Wand              |       |       |    13 ||    13
  Use: Scroll            |       |     8 |     8 ||    16
       Potion            |       |       |     2 ||     2
 Stab: Sleeping          |     1 |       |     3 ||     4
       Distracted        |       |       |     1 ||     1
Armor: Robe              |    24 |     6 |       ||    30
       Leather armour    |       |    15 |    71 ||    86
Dodge: Dodged            |    77 |    62 |   148 ||   287

Table legend: (Time is in decaauts)
 A = Elapsed time spent in this place.
 B = Non-inter-level travel time spent in this place.
 C = Inter-level travel time spent in this place.
 D = Time resting spent in this place.
 E = Time spent auto-exploring this place.
 F = Levels seen in this place.
 G = Mean time per level.
                   A        B        C        D        E       F      G
               +--------+--------+--------+--------+--------+-----+--------+
         Total |  11414 |  10811 |    603 |   3179 |   5773 |   7 | 1630.6 |
       Dungeon |  11414 |  10811 |    603 |   3179 |   5773 |   7 | 1630.6 |
               +--------+--------+--------+--------+--------+-----+--------+

Top non-repeatable levels by time:
     D:2: 2274 daAuts
     D:5: 2052 daAuts
     D:1: 1992 daAuts
     D:3: 1575 daAuts
     D:6: 1501 daAuts
     D:7: 1225 daAuts
     D:4: 793 daAuts
